 Dungeon Crawl Stone Soup version 0.31-a0-277-g31ea1f65cc (webtiles) character file.

Game seed: 88902982171426404

557 Gelion the Conjurer (level 7, -2/40 HPs)
             Began as a Deep Elf Conjurer on July 15, 2023.
             Was a Follower of Vehumet.
             Slain by a black bear (8 damage)
             ... on level 4 of the Dungeon.
             The game lasted 00:07:28 (4072 turns).

Gelion the Conjurer (Deep Elf Conjurer)             Turns: 4072, Time: 00:07:29

Health: -2/40      AC:  5    Str:  4    XL:     7   Next: 9%
Magic:  9/16       EV: 13    Int: 25    God:    Vehumet [*.....]
Gold:   197        SH:  0    Dex: 13    Spells: 9/16 levels left

rFire   . . .        (no weapon)
rCold   . . .        (no shield)
rNeg    . . .        a - +0 robe
rPois   .            i - +2 helmet
rElec   .            (no cloak)
rCorr   .            (no gloves)
SInv    .            (no boots)
Will    .....        (no amulet)
Stlth   ++           (no ring)
HPRegen 0.26/turn    (no ring)
MPRegen 0.15/turn

%: no passive effects
@: no status effects
A: no striking features
a: Renounce Religion


You were on level 4 of the Dungeon.
You worshipped Vehumet.
Vehumet was aware of your devotion.
You visited 1 branch of the dungeon, and saw 5 of its levels.

You collected 197 gold pieces.

Inventory:

Armour
 a - a +0 robe (worn)
 i - a +2 helmet (worn)
Wands
 l - a wand of polymorph (2)
 s - a wand of paralysis (5)
Scrolls
 c - 5 scrolls of identify {unknown}
 f - 2 scrolls of teleportation {unknown}
 h - 3 scrolls of fog {unknown}
 j - a scroll of amnesia {unknown}
 n - a scroll of poison {unknown}
 o - a scroll of immolation {unknown}
 p - a scroll of acquirement {unknown}
 q - a scroll of enchant weapon {unknown}
Potions
 b - a potion of magic
 d - a potion of might {unknown}
 e - a potion of degeneration {unknown}
 g - a potion of mutation {unknown}
 k - a potion of invisibility {unknown}
 m - 3 potions of curing {unknown}
 r - 2 potions of heal wounds {unknown}


   Skills:
 + Level 2.4 Fighting
 + Level 4.6 Dodging
 - Level 2.4 Stealth
 + Level 5.2 Spellcasting
 * Level 6.8 Conjurations
 + Level 0.6 Translocations


You had 9 spell levels left.
You knew the following spells:

 Your Spells              Type           Power      Damage    Failure   Level
a - Magic Dart            Conj           100%       1d8       1%          1
b - Searing Ray           Conj           80%        2d7       1%          2
c - Iskenderun's Mystic   Conj/Tloc      25%        2d7       17%         4

Your spell library contained the following spells:

 Spells                   Type           Power      Damage    Failure   Level
 Freeze                   Ice            24%        1d4       9%          1
 Momentum Strike          Conj/Tloc      50%        3d9       2%          2
 Dazzling Flash           Conj/Hex       46%        N/A       6%          3
 Blink                    Tloc           18%        N/A       10%         2
 Lesser Beckoning         Tloc           18%        N/A       10%         2
 Gell's Gravitas          Tloc           9%         N/A       19%         3
 Teleport Other           Tloc           9%         N/A       19%         3
 Fulminant Prism          Conj/Hex       11%        3d8       21%         4
 Inner Flame              Hex/Fire       6%         N/A       24%         3
 Agony                    Necr           6%         N/A       92%         5
 Silence                  Hex/Air        3%         N/A       92%         5
 Yara's Violent Unravell  Hex/Tmut       3%         3d4       92%         5
 Enfeeble                 Hex            3%         N/A       100%        7


Dungeon Overview and Level Annotations

Branches:
Dungeon (5/15)             Temple (0/1) D:4

Altars:
Ru
Uskayaw
Vehumet


Message History

The black bear closely misses you.
Casting: Searing Ray (safe; 1% risk of failure)
Confirm with . or Enter, or press ? or * to list all spells.
Aiming: Searing Ray (safe; 1% risk of failure)
Press: ? - help, Shift-Dir - straight line, f - orc
Aim: an orc, wielding a +0 club, wearing a +0 ring mail and quivering boomerangs (84% to hit)
The searing ray hits the orc!
You kill the orc!
Vehumet accepts your kill.
The searing ray misses the black bear. (Press . to maintain the ray.)
The searing ray hits the black bear.
The black bear is moderately wounded.
The black bear barely misses you. The black bear closely misses you.
The black bear claws you.
The searing ray hits the black bear but does no damage.
The black bear is moderately wounded.
The black bear bites you. The black bear claws you.
The black bear claws you but does no damage.
The searing ray hits the black bear.
The black bear is heavily wounded.
You finish channelling your searing ray.
The black bear closely misses you. x2; The black bear claws you.
Casting: Searing Ray (safe; 1% risk of failure)
Confirm with . or Enter, or press ? or * to list all spells.
Aiming: Searing Ray (safe; 1% risk of failure)
Press: ? - help, Shift-Dir - straight line, f - black bear
Aim: a black bear (heavily wounded, 87% to hit)
The searing ray hits the black bear.
The black bear is severely wounded. (Press . to maintain the ray.)
The black bear goes berserk!
The searing ray hits the black bear.
The black bear is almost dead.
The black bear bites you!
* * * LOW HITPOINT WARNING * * *
The black bear barely misses you. The black bear claws you.
* * * LOW HITPOINT WARNING * * *
The black bear bites you!
You die...

..........#..##...#..###### ##.##
#............##........#..###..##
##..#.........#.....#......#.....
#..............###....##..#.....
#..............# ##...##..#.....
###...^...).....####......##.....
..#..............................
..##....##.......#.......#.......
..##.....#..##..@h..>...##...##..
..##.....#..............##.......
..#...........##.#............##.
.........###...###.............#.
........## ##...#..####..........
.##......# #.......###..........
.#....#.## ##.##..##............
.#.##########..###)##..#>...#....
...##.[...#.....##..#.##.........


You could see a black bear (berserk).

Vanquished Creatures
  Grinder (D:4)
  A phantom (D:4)
  2 hounds (D:4)
  Jessica (D:3)
  Terence (D:3)
  Natasha (thrice) (D:3)
  Robin (D:3)
  An ufetubus (D:4)
  2 worms
  6 dart slugs
  6 orcs (D:4)
  7 endoplasms
  2 giant cockroaches (D:1)
  13 hobgoblins
  A jackal (D:1)
  A quokka (D:3)
  A ball python (D:4)
  3 bats
  A frilled lizard (D:2)
  16 goblins
  6 kobolds
  5 rats
81 creatures vanquished.

Notes
Turn   | Place    | Note
-------+----------+-------------------------------------------
     0 | D:1      | Gelion the Deep Elf Conjurer began the quest for the Orb.
     0 | D:1      | Reached XP level 1. HP: 10/10 MP: 6/6
   100 | D:1      | Found a faded altar of an unknown god.
   378 | D:1      | Reached XP level 2. HP: 16/16 MP: 2/8
  1030 | D:2      | Found a hide-covered altar of Uskayaw.
  1138 | D:2      | Reached XP level 3. HP: 20/20 MP: 7/9
  1230 | D:2      | Learned a level 2 spell: Searing Ray
  1878 | D:3      | Reached skill level 5 in Conjurations
  1919 | D:3      | Found a radiant altar of Vehumet.
  1921 | D:3      | Reached skill level 1 in Fighting
  1929 | D:3      | Noticed Robin
  2121 | D:3      | Killed Robin
  2122 | D:3      | Reached XP level 4. HP: 25/25 MP: 4/11
  2211 | D:3      | Found a sacrificial altar of Ru.
  2233 | D:3      | Became a worshipper of Vehumet
  2355 | D:3      | Noticed Terence
  2356 | D:3      | Noticed Jessica
  2384 | D:3      | Killed Jessica
  2385 | D:3      | Killed Terence
  2535 | D:3      | Noticed Natasha
  2539 | D:3      | Killed Natasha
  2540 | D:3      | Reached XP level 5. HP: 29/29 MP: 8/13
  2683 | D:3      | Noticed Natasha
  2686 | D:3      | Killed Natasha
  2759 | D:3      | Noticed Natasha
  2768 | D:3      | Killed Natasha
  3128 | D:4      | Reached skill level 6 in Conjurations
  3222 | D:4      | Reached XP level 6. HP: 35/35 MP: 9/14
  3336 | D:4      | Noticed Grinder
  3345 | D:4      | Killed Grinder
  3345 | D:4      | Reached * piety under Vehumet
  3345 | D:4      | Offered knowledge of Freeze by Vehumet.
  3346 | D:4      | Reached skill level 5 in Spellcasting
  3474 | D:4      | Learned a level 4 spell: Iskenderun's Mystic Blast
  3709 | D:4      | Found a staircase to the Ecumenical Temple.
  3970 | D:5      | Entered Level 5 of the Dungeon
  3993 | D:4      | Reached XP level 7. HP: 22/40 MP: 8/16
  4072 | D:4      | Slain by a black bear

Illustrated notes

Levels and vault maps discovered:
D:1:      dpeg_arrival_brainrot, layout_basic, dreamdust_ecumenical_altar_grove,
          minmay_worlds_worst_comb
D:2:      layout_basic, serial_bayou, serial_bayou_pond_a, serial_bayou_pond_d,
          serial_bayou_crossing, serial_bayou_pond_b, basic_altar,
          minmay_fountain_box
D:3:      layout_loops_ring, mainiacjoe_overflow_catwalk_spiral, uniq_jessica,
          uniq_terence, uniq_robin, uniq_natasha
D:4:      layout_cave_pools, temple_green, uniq_grinder
D:5:      layout_loops_cross, jmf_multi_god_temple, item_on_display_a

Skill      XL: |  1  2  3  4  5  6 |
---------------+-------------------+-----
Dodging        | 3 4 |  4.6
Conjurations   | 5 6 |  6.8
Fighting       | 1 2 |  2.4
Spellcasting   | 4 5 |  5.2
Stealth        | |  2.4
Translocations | |  0.6

Action                     |  1- 3 |  4- 6 |  7- 9 || total
---------------------------+-------+-------+-------++-------
  Melee: Unarmed           |       |    15 |       ||    15
   Cast: Magic Dart        |    91 |    59 |       ||   150
         Searing Ray       |     1 |    14 |     2 ||    17
 Armour: Robe              |     1 |     4 |     7 ||    12
  Dodge: Dodged            |     6 |    29 |     9 ||    44

Table legend: (Time is in decaauts)
 A = Elapsed time spent in this place.
 B = Non-inter-level travel time spent in this place.
 C = Inter-level travel time spent in this place.
 D = Time resting spent in this place.
 E = Time spent auto-exploring this place.
 F = Levels seen in this place.
 G = Mean time per level.
                   A        B        C        D        E       F      G
               +--------+--------+--------+--------+--------+-----+--------+
         Total |   4094 |   3955 |    139 |      0 |   3541 |   5 |  818.8 |
       Dungeon |   4094 |   3955 |    139 |      0 |   3541 |   5 |  818.8 |
               +--------+--------+--------+--------+--------+-----+--------+

Top non-repeatable levels by time:
     D:3: 1250 daAuts
     D:2: 994 daAuts
     D:4: 932 daAuts
     D:1: 897 daAuts
     D:5: 20 daAuts
